BSA
MAUI TROPICS @ IRVINE GANG GREEN
05/25/2029
 
TOP OF THE 1ST
Maui Tropics batting - Pitching for Irvine Gang Green : RHP Alfredo Montalvo
Pitching: RHP Alfredo Montalvo
Batting: RHB Roberto Gómez 0-0: Called Strike
0-1: Ball
1-1: Foul Ball, location: 2F
1-2: SINGLE (Line Drive, 56D)
Batting: LHB Dave Cook 0-0: Ball
1-0: Called Strike
1-1: Foul Ball, location: 2F
1-2: Fly out, F9 (Flyball, 89M)
Batting: RHB Bo Vickers 0-0: Ball
1-0: Ball
2-0: Foul Ball, location: 2F
2-1: Swinging Strike
2-2: Strikes out swinging
Batting: LHB Don Hull 0-0: Called Strike
0-1: Ball
1-1: Called Strike
1-2: Strikes out swinging
Top of the 1st over - 0 runs, 1 hit, 0 errors, 1 left on base; Maui 0 - Irvine 0
BOTTOM OF THE 1ST
Irvine Gang Green batting - Pitching for Maui Tropics : RHP Júlio González
Pitching: RHP Júlio González
Batting: SHB Carlos Córdova 0-0: Ball
1-0: Fly out, F7 (Flyball, 7)
Batting: LHB José Sánchez 0-0: Ball
1-0: Ground out 6-3 (Groundball, 6M)
Batting: RHB Buck Jones 0-0: Foul Ball, location: 2F
0-1: Ball
1-1: Ball
2-1: Foul Ball, location: 2F
2-2: Fly out, F7 (Flyball, 78D)
Bottom of the 1st over - 0 runs, 0 hits, 0 errors, 0 left on base; Maui 0 - Irvine 0
TOP OF THE 2ND
Maui Tropics batting - Pitching for Irvine Gang Green : RHP Alfredo Montalvo
Batting: LHB Luis Antonio Torres 0-0: Called Strike
0-1: Foul Ball, location: 2F
0-2: Ball
1-2: Foul Ball, location: 2F
1-2: Strikes out swinging
Batting: LHB Ernesto López 0-0: Called Strike
0-1: Ball
1-1: Ball
2-1: Foul Ball, location: 2F
2-2: Ball
3-2: Foul Ball, location: 2F
3-2: Ground out 6-3 (Groundball, 6)
Batting: RHB Michael Woodruff 0-0: Ball
1-0: Ball
2-0: Ball
3-0: Called Strike
3-1: Called Strike
3-2: Strikes out swinging
Top of the 2nd over - 0 runs, 0 hits, 0 errors, 0 left on base; Maui 0 - Irvine 0
BOTTOM OF THE 2ND
Irvine Gang Green batting - Pitching for Maui Tropics : RHP Júlio González
Batting: LHB Víctor Quiñones 0-0: Foul Ball, location: 2F
0-1: Ball
1-1: Ground out 4-3 (Groundball, 4)
Batting: LHB Leonardo Medina 0-0: Ground out 5-3 (Groundball, 56S)
Batting: LHB António Camacho 0-0: Swinging Strike
0-1: Ball
1-1: Ball
2-1: SINGLE (Line Drive, 9LS)
Batting: RHB Tyler Wagner 0-0: Called Strike
0-1: Ground out 4-3 (Groundball, 4)
Bottom of the 2nd over - 0 runs, 1 hit, 0 errors, 1 left on base; Maui 0 - Irvine 0
TOP OF THE 3RD
Maui Tropics batting - Pitching for Irvine Gang Green : RHP Alfredo Montalvo
Batting: RHB Matt Silver 0-0: DOUBLE (Line Drive, 89D)
Batting: RHB Alfredo Ramírez 0-0: Foul Ball, location: 2F
0-1: Swinging Strike
0-2: Foul Ball, location: 2F
0-2: Foul Ball, location: 2F
0-2: Ball
1-2: Strikes out swinging
Batting: RHB Roberto Gómez 0-0: Foul Ball, location: 2F
0-1: Ball
1-1: Fly out, F7 (Flyball, 7S)
Batting: LHB Dave Cook 0-0: Ball
1-0: Foul Ball, location: 2F
1-1: Foul Ball, location: 2F
1-2: Ground out 6-3 (Groundball, 6)
Top of the 3rd over - 0 runs, 1 hit, 0 errors, 1 left on base; Maui 0 - Irvine 0
BOTTOM OF THE 3RD
Irvine Gang Green batting - Pitching for Maui Tropics : RHP Júlio González
Batting: LHB Dave Gordon 0-0: Foul Ball, location: 2F
0-1: Ball
1-1: Foul Ball, location: 2F
1-2: Foul Ball, location: 2F
1-2: Fly out, F7 (Flyball, 7LS)
Batting: RHB Ronnie Brown 0-0: Ball
1-0: Ball
2-0: Foul Ball, location: 2F
2-1: Ball
3-1: Swinging Strike
3-2: Foul Ball, location: 2F
3-2: Base on Balls
Batting: SHB Carlos Córdova 0-0: Called Strike
0-1: Called Strike
0-2: Ground out 4-3 (Groundball, 4MS)
Ronnie Brown to second
Batting: LHB José Sánchez 0-0: Called Strike
0-1: Ball
1-1: Fly out, F9 (Flyball, 9LS)
Bottom of the 3rd over - 0 runs, 0 hits, 0 errors, 1 left on base; Maui 0 - Irvine 0
TOP OF THE 4TH
Maui Tropics batting - Pitching for Irvine Gang Green : RHP Alfredo Montalvo
Batting: RHB Bo Vickers 0-0: Called Strike
0-1: Ball
1-1: Called Strike
1-2: Strikes out looking
Batting: LHB Don Hull 0-0: Swinging Strike
0-1: Ball
1-1: Ball
2-1: Ball
3-1: Called Strike
3-2: Strikes out looking
Batting: LHB Luis Antonio Torres 0-0: Ball
1-0: Ball
2-0: Swinging Strike
2-1: Foul Ball, location: 2F
2-2: Strikes out swinging
Top of the 4th over - 0 runs, 0 hits, 0 errors, 0 left on base; Maui 0 - Irvine 0
BOTTOM OF THE 4TH
Irvine Gang Green batting - Pitching for Maui Tropics : RHP Júlio González
Batting: RHB Buck Jones 0-0: Ball
1-0: Ground out 5-3 (Groundball, 56)
Batting: LHB Víctor Quiñones 0-0: Ball
1-0: Called Strike
1-1: Fly out, F9 (Flyball, 9D)
Batting: LHB Leonardo Medina 0-0: Ball
1-0: Ball
2-0: Foul Ball, location: 2F
2-1: Swinging Strike
2-2: Foul Ball, location: 2F
2-2: Strikes out swinging
Bottom of the 4th over - 0 runs, 0 hits, 0 errors, 0 left on base; Maui 0 - Irvine 0
TOP OF THE 5TH
Maui Tropics batting - Pitching for Irvine Gang Green : RHP Alfredo Montalvo
Batting: LHB Ernesto López 0-0: Ball
1-0: Ball
2-0: Foul Ball, location: 2F
2-1: Swinging Strike
2-2: Ground out 4-3 (Groundball, 4)
Batting: RHB Michael Woodruff 0-0: Ball
1-0: Foul Ball, location: 2F
1-1: Ball
2-1: Fly out, F7 (Flyball, 7LS)
Batting: RHB Matt Silver 0-0: Ball
1-0: Ball
2-0: Ground out U3 (Groundball, 34S)
Top of the 5th over - 0 runs, 0 hits, 0 errors, 0 left on base; Maui 0 - Irvine 0
BOTTOM OF THE 5TH
Irvine Gang Green batting - Pitching for Maui Tropics : RHP Júlio González
Batting: LHB António Camacho 0-0: Called Strike
0-1: Ball
1-1: SINGLE (Groundball, 6MD)
Batting: RHB Tyler Wagner 0-0: Called Strike
0-1: Ball
1-1: Ball
2-1: Grounds into double play, 5-4-3 (Groundball, 5)
Batting: LHB Dave Gordon 0-0: Called Strike
0-1: SINGLE (Groundball, 5D)
Batting: RHB Ronnie Brown 0-0: Ball
1-0: Fly out, F5 (Popup, 25F)
Bottom of the 5th over - 0 runs, 2 hits, 0 errors, 1 left on base; Maui 0 - Irvine 0
TOP OF THE 6TH
Maui Tropics batting - Pitching for Irvine Gang Green : RHP Alfredo Montalvo
Batting: RHB Alfredo Ramírez 0-0: Ball
1-0: Ball
2-0: Called Strike
2-1: Called Strike
2-2: Ground out U3 (Groundball, 3)
Batting: RHB Roberto Gómez 0-0: Ball
1-0: Called Strike
1-1: Ball
2-1: Called Strike
2-2: Ball
3-2: SINGLE (Line Drive, 4D)
Batting: LHB Dave Cook 0-0: Called Strike
0-1: Called Strike
Roberto Gómez is caught stealing 2nd base
0-2: Strikes out swinging
Top of the 6th over - 0 runs, 1 hit, 0 errors, 0 left on base; Maui 0 - Irvine 0
BOTTOM OF THE 6TH
Irvine Gang Green batting - Pitching for Maui Tropics : RHP Júlio González
Batting: SHB Carlos Córdova 0-0: Ball
1-0: Swinging Strike
1-1: Ball
2-1: Ground out 5-3 (Groundball, 5)
Batting: LHB José Sánchez 0-0: Ball
1-0: Reached on error, E4 (Groundball, 4MS)
Batting: RHB Buck Jones 0-0: Ball
1-0: Ball
2-0: Ball
3-0: Called Strike
3-1: Foul Ball, location: 2F
3-2: Strikes out swinging
Batting: LHB Víctor Quiñones 0-0: Called Strike
José Sánchez steals 2nd base
0-1: Ball
1-1: Swinging Strike
1-2: Ball
2-2: Ball
3-2: Base on Balls
Batting: LHB Leonardo Medina 0-0: Ground out 4-3 (Groundball, 4)
Bottom of the 6th over - 0 runs, 0 hits, 1 error, 2 left on base; Maui 0 - Irvine 0
TOP OF THE 7TH
Maui Tropics batting - Pitching for Irvine Gang Green : RHP Alfredo Montalvo
Batting: RHB Bo Vickers 0-0: Ball
1-0: Ball
2-0: Foul Ball, location: 2F
2-1: Ball
3-1: Ground out 5-3 (Groundball, 56)
Pinch Hitting: LHB Mark Everett 0-0: Ball
1-0: Ball
2-0: Foul Ball, location: 2F
2-1: Ball
3-1: Foul Ball, location: 2F
3-2: Base on Balls
Batting: LHB Luis Antonio Torres 0-0: Called Strike
0-1: Ball
1-1: Swinging Strike
1-2: Foul Ball, location: 2F
1-2: Strikes out swinging
Pitching: LHP Yu-shu Kong
Pinch Hitting: RHB Ximena Campos 0-0: Ball
1-0: TRIPLE (Groundball, 3L)
Mark Everett scores
Batting: RHB Michael Woodruff 0-0: Swinging Strike
0-1: Ball
1-1: Swinging Strike
1-2: Foul Ball, location: 2F
1-2: Fly out, F3 (Popup, 34)
Top of the 7th over - 1 run, 1 hit, 0 errors, 1 left on base; Maui 1 - Irvine 0
BOTTOM OF THE 7TH
Irvine Gang Green batting - Pitching for Maui Tropics : RHP Júlio González
Now in LF: José Rivas
Now in RF: Jesús Espinoza
Batting: LHB António Camacho 0-0: Ground out 6-3 (Groundball, 6)
Batting: RHB Tyler Wagner 0-0: Swinging Strike
0-1: Ball
1-1: Ball
2-1: Ground out 6-3 (Groundball, 56D)
Batting: LHB Dave Gordon 0-0: Ball
1-0: Ball
2-0: Ball
3-0: Called Strike
3-1: Foul Ball, location: 2F
3-2: Foul Ball, location: 2F
3-2: Fly out, F9 (Flyball, 89D)
Bottom of the 7th over - 0 runs, 0 hits, 0 errors, 0 left on base; Maui 1 - Irvine 0
TOP OF THE 8TH
Maui Tropics batting - Pitching for Irvine Gang Green : LHP Yu-shu Kong
Pitching: RHP Raúl Saltines
Batting: RHB Matt Silver 0-0: Ground out 6-3 (Groundball, 6)
Batting: RHB Alfredo Ramírez 0-0: Foul Ball, location: 2F
0-1: Fly out, F9 (Flyball, 9)
Batting: RHB Roberto Gómez 0-0: Ground out 4-3 (Groundball, 4MD)
Top of the 8th over - 0 runs, 0 hits, 0 errors, 0 left on base; Maui 1 - Irvine 0
BOTTOM OF THE 8TH
Irvine Gang Green batting - Pitching for Maui Tropics : RHP Júlio González
Batting: RHB Ronnie Brown 0-0: Ball
1-0: Foul Ball, location: 2F
1-1: Fly out, F8 (Flyball, 8LD)
Batting: SHB Carlos Córdova 0-0: Ball
1-0: Called Strike
1-1: Called Strike
1-2: Ball
2-2: Ground out 6-3 (Groundball, 6)
Batting: LHB José Sánchez 0-0: Ground out 4-3 (Groundball, 4M)
Bottom of the 8th over - 0 runs, 0 hits, 0 errors, 0 left on base; Maui 1 - Irvine 0
TOP OF THE 9TH
Maui Tropics batting - Pitching for Irvine Gang Green : RHP Raúl Saltines
Batting: LHB Dave Cook 0-0: Ball
1-0: Foul Ball, location: 2F
1-1: Foul Ball, location: 2F
1-2: Foul Ball, location: 2F
1-2: Strikes out looking
Batting: RHB Bo Vickers 0-0: Called Strike
0-1: Ball
1-1: Ball
2-1: Swinging Strike
2-2: Foul Ball, location: 2F
2-2: Strikes out swinging
Batting: LHB José Rivas 0-0: Ball
1-0: Ball
2-0: Foul Ball, location: 2F
2-1: Ball
3-1: Ground out 6-3 (Groundball, 6)
Top of the 9th over - 0 runs, 0 hits, 0 errors, 0 left on base; Maui 1 - Irvine 0
BOTTOM OF THE 9TH
Irvine Gang Green batting - Pitching for Maui Tropics : RHP Júlio González
Pitching: RHP César Rúbio
Batting: RHB Buck Jones 0-0: Ball
1-0: Swinging Strike
1-1: Foul Ball, location: 2F
1-2: Foul Ball, location: 2F
1-2: Foul Ball, location: 2F
1-2: Fly out, F7 (Flyball, 78M)
Batting: LHB Víctor Quiñones 0-0: Ball
1-0: Ball
2-0: SINGLE (Flyball, 8LM)
Batting: LHB Leonardo Medina 0-0: Ball
1-0: Ball
2-0: Ball
3-0: Called Strike
3-1: Base on Balls
Víctor Quiñones to second
Pinch Runner at 2nd Don Hooper:
Batting: LHB António Camacho 0-0: Ball
1-0: Called Strike
1-1: Grounds into double play, 4-6-3 (Groundball, 4)
Bottom of the 9th over - 0 runs, 1 hit, 0 errors, 1 left on base; Maui 1 - Irvine 0
Saturday, December 16th, 2017 - OOTP Baseball 18.8 Build 76